 Dungeon Crawl Stone Soup version 0.29.1-1-gd02db6906a (webtiles) character file.

Game seed: 14642435949694645444

138 pacmanke6689 the Poker (level 5, 0/42 HPs)
             Began as a Merfolk Fighter on Sept 15, 2022.
             Slain by Terence
             ... wielding a +0 flail
              (6 damage)
             ... on level 3 of the Dungeon on Sept 16, 2022.
             The game lasted 00:07:19 (3054 turns).

pacmanke6689 the Poker (Merfolk Fighter)            Turns: 3054, Time: 00:07:19

Health: 0/42       AC:  6    Str: 19    XL:     5   Next: 21%
Magic:  5/5        EV:  9    Int:  7    God:
Gold:   151        SH:  4    Dex: 13    Spells: 4/4 levels left

rFire   . . .      SeeInvis .   a - +0 trident
rCold   . . .      Faith    .   c - +0 buckler
rNeg    . . .      Spirit   .   b - +0 scale mail
rPois   .          Reflect  .   (no helmet)
rElec   .          Harm     .   (no cloak)
rCorr   .          Rampage  .   (no gloves)
Will    .....                   (no boots)
Stlth   ..........              (no amulet)
HPRegen 0.14/turn               (no ring)
MPRegen 0.09/turn               (no ring)

@: mighty
A: (nimble swimmer 2), mertail
a: no special abilities


You were on level 3 of the Dungeon.
You visited 1 branch of the dungeon, and saw 3 of its levels.

You collected 151 gold pieces.

Inventory:

Hand Weapons
 a - a +0 trident (weapon)
Armour
 b - a +0 scale mail (worn)
 c - a +0 buckler (worn)
 o - a +0 pair of gloves
Jewellery
 h - a +4 ring of evasion
Scrolls
 i - a scroll of enchant armour {unknown}
 j - 4 scrolls of identify {unknown}
 k - 3 scrolls of poison {unknown}
 l - a scroll of immolation {unknown}
 n - a scroll of butterflies {unknown}
Potions
 e - a potion of magic {unknown}
 f - a potion of lignification {unknown}
 g - a potion of flight {unknown}
 m - a potion of attraction {unknown}


   Skills:
 + Level 3.9 Fighting
 + Level 4.4 Polearms
 + Level 3.0 Armour
 + Level 1.1 Dodging
 + Level 0.9 Stealth
 + Level 3.2 Shields


You had 4 spell levels left.
You didn't know any spells.
Your spell library contained the following spells:

 Spells                   Type           Power      Damage    Failure   Level
 Alistair's Intoxication  Tmut/Pois      0%         N/A       100%        5
 Borgnjor's Vile Clutch   Necr/Erth      0%         N/A       100%        5
 Eringya's Noxious Bog    Tmut/Pois      0%         N/A       100%        6


Dungeon Overview and Level Annotations

Branches:
Dungeon (3/15)

Altars:

Annotations:
D:3 Terence


Innate Abilities, Weirdness & Mutations

((You are very nimble when in or above water. (Stealth+, EV+, Speed+++)))
Your lower body shifts to a powerful aquatic tail in water.


Message History

The dart slug launches a dart at you. The slug dart hits you.
You see here a +0 pair of gloves.
o - a +0 pair of gloves You see here 17 gold pieces.
You now have 151 gold pieces (gained 17).
Terence the Incautious comes into view.
He is wielding a +0 flail and wearing a +3 scale mail of cold resistance.
The dart slug closely misses you.
You hit the dart slug.
The dart slug is lightly wounded.
Terence hits you with a +0 flail. The dart slug completely misses you.
You puncture the dart slug!
The dart slug is almost dead.
Terence hits you with a +0 flail!
You hit the dart slug.
You kill the dart slug!
Terence closely misses you.
You feel very mighty all of a sudden. Terence closely misses you.
You hit Terence.
Terence is moderately wounded.
Terence hits you with a +0 flail!
You barely miss Terence.
Terence is moderately wounded.
Terence hits you with a +0 flail!
* * * LOW HITPOINT WARNING * * *
You hit Terence.
Terence is heavily wounded.
Terence completely misses you.
You hit Terence.
Terence is severely wounded.
Terence hits you with a +0 flail.
* * * LOW HITPOINT WARNING * * *
You closely miss Terence.
Terence is severely wounded.
Terence barely misses you. x2
You barely miss Terence.
Terence is severely wounded.
Terence hits you with a +0 flail.
You die...

##### #.# .<..# ##.##
###.# #...# # #.##
#...# ## #..# #...# ..
###.#### #...####.#
#......# #...#...
#.#.##.#####...#@##.#.#
#.#.##.......>.@......#
#.#...................#
#.#<.#................#
#.#..#.#####...#.####.#
#......# ##...#... #
###..### #........w
###..# #....#.###
#....# #....#.###
##.##.# #... ..


You could see Terence.

Vanquished Creatures
  A gnoll (D:2)
  7 adders
  A worm (D:2)
  3 dart slugs
  3 ball pythons (D:2)
  4 endoplasms
  5 goblins
  6 hobgoblins
  5 jackals (D:2)
  2 kobolds (D:2)
  A quokka (D:1)
  9 bats
  3 frilled lizards
  9 rats
59 creatures vanquished.

Notes
Turn   | Place    | Note
-------+----------+-------------------------------------------
     0 | D:1      | pacmanke6689 the Merfolk Fighter began the quest for the
                  | Orb.
     0 | D:1      | Reached XP level 1. HP: 18/18 MP: 1/1
   153 | D:1      | Reached XP level 2. HP: 24/24 MP: 2/2
   230 | D:1      | Reached skill level 3 in Polearms
   655 | D:1      | Found a faded altar of an unknown god.
  1102 | D:1      | Upgraded the game from 0.29.1 to 0.29.1-1-gd02db6906a
  1161 | D:2      | Reached XP level 3. HP: 29/30 MP: 3/3
  1369 | D:2      | Reached XP level 4. HP: 35/37 MP: 4/4
  1902 | D:2      | Reached skill level 4 in Polearms
  2803 | D:3      | Reached XP level 5. HP: 42/42 MP: 5/5
  2860 | D:3      | Reached skill level 1 in Dodging
  3043 | D:3      | Noticed Terence
  3054 | D:3      | Slain by Terence

Illustrated notes

Levels and vault maps discovered:
D:1:      wheals_arrival_linesprint, layout_rooms,
          shapermc_ecumenical_altar_pompeii, serial_co_window_serial,
          co_window_paths_b, co_window_paths_b, co_window_paths_a,
          co_window_corner_a, co_window_paths_a, co_window_unsneaky_path_b,
          co_window_broadway_c, co_window_broadway_a,
          co_window_of_opportunity_b, co_window_broadway_a,
          co_window_unsneaky_path_e, glass_columns_b, glass_columns_a
D:2:      minmay_razor_zed, layout_loops_corners, grunt_decor_junction,
          palyth_stone_intersect, chequers_serial_rivers_micro_b,
          minmay_statues_item
D:3:      layout_loops_cross, lemuel_coloured_pillars_altar,
          kennysheep_nondescript, cheibrodos_gnoll_hut, uniq_terence

Skill      XL: |  1  2  3  4  5 |
---------------+----------------+-----
Polearms       | 3 4 |  4.4
Armour         | 3 |  3.0
Dodging        | 1 |  1.1
Fighting       | |  3.9
Stealth        | |  0.9
Shields        | |  3.2

Action                   |  1- 3 |  4- 6 || total
-------------------------+-------+-------++-------
Melee: Trident           |    88 |   118 ||   206
  Use: Potion            |       |     1 ||     1
Armor: Scale mail        |    41 |    46 ||    87
Dodge: Dodged            |    47 |    67 ||   114
Block: Buckler           |    25 |    29 ||    54
